TOP OF THE 1ST |
Ft. Polk South Thunder Hawks batting - Pitching for Atlantic City Sonics : RHP Jason Ackerman
|
Pitching: RHP Jason Ackerman
|
|
Batting: RHB Alfredo González
|
0-0: Fly out, F9 (Line Drive, 9S)
|
Batting: RHB Robbie Chambers
|
0-0: Foul Ball, location: 2F 0-1: Ball 1-1: Ball 2-1: Foul Ball, location: 2F 2-2: Ball 3-2: Base on Balls
|
Batting: RHB Darrell Goldstein
|
0-0: Ball 1-0: Ball 2-0: SINGLE (Flyball, 9LM) Robbie Chambers to second Runner from 2nd tries for 3rd, SAFE, no throw or cutoff
|
Batting: SHB Ted Hansen
|
0-0: Ball Darrell Goldstein is caught stealing 2nd base 1-0: SINGLE (Line Drive, 4MD) Robbie Chambers scores
|
Batting: RHB Jack Peck
|
0-0: Swinging Strike 0-1: Ball 1-1: Called Strike 1-2: Ground out 4-3 (Groundball, 34)
|
Top of the 1st over - 1 run(s), 2 hit(s), 0 error(s), 1 left on base; Ft. Polk South 1 - Atlantic City 0 |
BOTTOM OF THE 1ST |
Atlantic City Sonics batting - Pitching for Ft. Polk South Thunder Hawks : RHP Júlio Palácios
|
Pitching: RHP Júlio Palácios
|
|
Batting: RHB Ralph Turner
|
0-0: DOUBLE (Flyball, 7D)
|
Batting: LHB Kip Burks
|
0-0: Ball 1-0: Foul Ball, location: 2F 1-1: Called Strike 1-2: Ball 2-2: Foul Ball, location: 2F 2-2: Foul Ball, location: 2F 2-2: SINGLE (Line Drive, 6D) Ralph Turner to third
|
Batting: LHB Francisco Ortega
|
0-0: Called Strike 0-1: Swinging Strike 0-2: Ball 1-2: Ball 2-2: Strikes out swinging
|
Batting: RHB Martín Álvarez
|
0-0: Foul Ball, location: 2F 0-1: Ball 1-1: Called Strike 1-2: Ball 2-2: Ball 3-2: Foul Ball, location: 2F 3-2: Base on Balls Kip Burks to second
|
Batting: LHB Pedro López
|
0-0: Ball 1-0: Ball 2-0: Ball 3-0: Called Strike 3-1: Foul Ball, location: 2F 3-2: Base on Balls Ralph Turner scores Kip Burks to third Martín Álvarez to second
|
Batting: RHB Marty Hayden
|
0-0: Ball 1-0: Ground out 5-3 (Groundball, 5S) Kip Burks scores Martín Álvarez to third Pedro López to second
|
Batting: SHB David Snyder
|
0-0: Ball 1-0: Ball 2-0: Called Strike 2-1: Ball 3-1: Base on Balls
|
Batting: LHB Dale Parkinson
|
0-0: Ball 1-0: Ball 2-0: Ball 3-0: SINGLE (Groundball, 25) (infield hit) Martín Álvarez scores Pedro López to third David Snyder to second
|
Batting: RHB Bob Ethridge
|
0-0: Called Strike 0-1: Foul Ball, location: 2F 0-2: Ball 1-2: Fly out, F5 (Line Drive, 5)
|
Bottom of the 1st over - 3 run(s), 3 hit(s), 0 error(s), 3 left on base; Ft. Polk South 1 - Atlantic City 3 |
TOP OF THE 2ND |
Ft. Polk South Thunder Hawks batting - Pitching for Atlantic City Sonics : RHP Jason Ackerman
|
Batting: RHB Tommy Stanley
|
0-0: Ball 1-0: Ball 2-0: Ball 3-0: Base on Balls
|
Batting: SHB Paul Wright
|
0-0: Ball Tommy Stanley is caught stealing 2nd base 1-0: Ball 2-0: Foul Ball, location: 2F 2-1: Ball 3-1: Foul Ball, location: 2F 3-2: SINGLE (Groundball, 4MD) (infield hit)
|
Batting: LHB José López
|
0-0: Ball 1-0: Called Strike 1-1: SINGLE (Groundball, 56) Paul Wright to second
|
Batting: RHB Henry Weber
|
0-0: Swinging Strike 0-1: 3-RUN HOME RUN (Flyball, 7D), Distance : 393 ft
|
Batting: RHB Alfredo González
|
0-0: Ground out 5-3 (Groundball, 56S)
|
Batting: RHB Robbie Chambers
|
0-0: Foul Ball, location: 2F 0-1: Foul Ball, location: 2F 0-2: Ball 1-2: Fly out, F9 (Flyball, 9M)
|
Top of the 2nd over - 3 run(s), 3 hit(s), 0 error(s), 0 left on base; Ft. Polk South 4 - Atlantic City 3 |
BOTTOM OF THE 2ND |
Atlantic City Sonics batting - Pitching for Ft. Polk South Thunder Hawks : RHP Júlio Palácios
|
Batting: RHB Ralph Turner
|
0-0: Foul Ball, location: 2F 0-1: Ball 1-1: Ball 2-1: Ball 3-1: Base on Balls
|
Batting: LHB Kip Burks
|
0-0: Ball 1-0: Ball 2-0: Ball 3-0: Called Strike 3-1: Base on Balls Ralph Turner to second
|
Batting: LHB Francisco Ortega
|
0-0: SINGLE (Groundball, 34D) Ralph Turner to third Kip Burks to second
|
Batting: RHB Martín Álvarez
|
0-0: Called Strike 0-1: Ball 1-1: Swinging Strike 1-2: Foul Ball, location: 2F 1-2: Ball 2-2: Foul Ball, location: 2F 2-2: Ball 3-2: Base on Balls Ralph Turner scores Kip Burks to third Francisco Ortega to second
|
Batting: LHB Pedro López
|
0-0: Ball Wild Pitch! Kip Burks scores Francisco Ortega to third Martín Álvarez to second 1-0: Ball 2-0: DOUBLE (Flyball, 89M) Francisco Ortega scores Martín Álvarez scores
|
Pitching: LHP Joaquín Soto
|
|
Batting: RHB Marty Hayden
|
0-0: Swinging Strike 0-1: Ball 1-1: Called Strike 1-2: Ball 2-2: Ball 3-2: Foul Ball, location: 2F 3-2: Foul Ball, location: 2F 3-2: Foul Ball, location: 2F 3-2: Base on Balls
|
Batting: SHB David Snyder
|
0-0: Ball 1-0: Called Strike 1-1: Foul Ball, location: 2F 1-2: Foul Ball, location: 2F 1-2: Ball 2-2: Grounds out, U3 (Groundball, 3L) Pedro López to third
|
Batting: LHB Dale Parkinson
|
0-0: Ball Passed Ball! Pedro López scores Marty Hayden to third 1-0: Called Strike 1-1: Foul Ball, location: 2F 1-2: Ball 2-2: Foul Ball, location: 2F 2-2: Ground out U3 (Groundball, 3L)
|
Batting: RHB Bob Ethridge
|
0-0: DOUBLE (Flyball, 89D) Marty Hayden scores
|
Batting: RHB Ralph Turner
|
0-0: Foul Ball, location: 2F 0-1: Ball 1-1: Ball 2-1: Ball 3-1: SINGLE (Line Drive, 7S) Bob Ethridge to third Runner from 3rd tries for Home, SAFE, no throw or cutoff
|
Batting: LHB Kip Burks
|
0-0: Foul Ball, location: 2F 0-1: Fielders Choice at 2nd, U4 (Groundball, 4M)
|
Bottom of the 2nd over - 7 run(s), 4 hit(s), 0 error(s), 1 left on base; Ft. Polk South 4 - Atlantic City 10 |
TOP OF THE 3RD |
Ft. Polk South Thunder Hawks batting - Pitching for Atlantic City Sonics : RHP Jason Ackerman
|
Batting: RHB Darrell Goldstein
|
0-0: Fly out, F8 (Flyball, 8LM)
|
Batting: SHB Ted Hansen
|
0-0: Called Strike 0-1: Ball 1-1: Swinging Strike 1-2: Ground out 5-3 (Groundball, 56S)
|
Batting: RHB Jack Peck
|
0-0: Fly out, F4 (Line Drive, 4)
|
Top of the 3rd over - 0 run(s), 0 hit(s), 0 error(s), 0 left on base; Ft. Polk South 4 - Atlantic City 10 |
BOTTOM OF THE 3RD |
Atlantic City Sonics batting - Pitching for Ft. Polk South Thunder Hawks : LHP Joaquín Soto
|
Batting: LHB Francisco Ortega
|
0-0: Ball 1-0: Called Strike 1-1: Ground out U3 (Groundball, 3)
|
Batting: RHB Martín Álvarez
|
0-0: Fly out, F7 (Flyball, 78XD)
|
Batting: LHB Pedro López
|
0-0: Fly out, F9 (Line Drive, 89M)
|
Bottom of the 3rd over - 0 run(s), 0 hit(s), 0 error(s), 0 left on base; Ft. Polk South 4 - Atlantic City 10 |
TOP OF THE 4TH |
Ft. Polk South Thunder Hawks batting - Pitching for Atlantic City Sonics : RHP Jason Ackerman
|
Batting: RHB Tommy Stanley
|
0-0: Ball 1-0: Ball 2-0: Called Strike 2-1: Ball 3-1: Ground out 5-3 (Groundball, 56S)
|
Batting: SHB Paul Wright
|
0-0: Called Strike 0-1: Swinging Strike 0-2: Ball 1-2: Ground out 4-3 (Groundball, 4)
|
Batting: LHB José López
|
0-0: Called Strike 0-1: Ball 1-1: Ball 2-1: Ball 3-1: Swinging Strike 3-2: Fly out, F7 (Line Drive, 7LS)
|
Top of the 4th over - 0 run(s), 0 hit(s), 0 error(s), 0 left on base; Ft. Polk South 4 - Atlantic City 10 |
BOTTOM OF THE 4TH |
Atlantic City Sonics batting - Pitching for Ft. Polk South Thunder Hawks : LHP Joaquín Soto
|
Batting: RHB Marty Hayden
|
0-0: Foul Ball, location: 2F 0-1: Swinging Strike 0-2: Ball 1-2: Ball 2-2: Strikes out swinging
|
Batting: SHB David Snyder
|
0-0: Foul Ball, location: 2F 0-1: Ball 1-1: Fly out, F9 (Flyball, 9LM)
|
Batting: LHB Dale Parkinson
|
0-0: Ball 1-0: Called Strike 1-1: Ball 2-1: Ground out 4-3 (Groundball, 4)
|
Bottom of the 4th over - 0 run(s), 0 hit(s), 0 error(s), 0 left on base; Ft. Polk South 4 - Atlantic City 10 |
TOP OF THE 5TH |
Ft. Polk South Thunder Hawks batting - Pitching for Atlantic City Sonics : RHP Jason Ackerman
|
Batting: RHB Henry Weber
|
0-0: Called Strike 0-1: Ball 1-1: Foul Ball, location: 2F 1-2: Fly out, F8 (Flyball, 8LM)
|
Batting: RHB Alfredo González
|
0-0: Ball 1-0: Ball 2-0: Called Strike 2-1: SINGLE (Groundball, 34S)
|
Batting: RHB Robbie Chambers
|
0-0: Ball 1-0: Called Strike 1-1: Ball 2-1: Foul Ball, location: 2F 2-2: Foul Ball, location: 2F 2-2: Ball 3-2: Fly out, F5 (Line Drive, 56S)
|
Batting: RHB Darrell Goldstein
|
0-0: Called Strike 0-1: Called Strike 0-2: Foul Ball, location: 2F 0-2: Ball Wild Pitch! Alfredo González to second 1-2: Ball 2-2: Ball 3-2: Ground out 5-3 (Groundball, 56)
|
Top of the 5th over - 0 run(s), 1 hit(s), 0 error(s), 1 left on base; Ft. Polk South 4 - Atlantic City 10 |
BOTTOM OF THE 5TH |
Atlantic City Sonics batting - Pitching for Ft. Polk South Thunder Hawks : LHP Joaquín Soto
|
Batting: RHB Bob Ethridge
|
0-0: Foul Ball, location: 2F 0-1: Swinging Strike 0-2: Ball 1-2: Ball 2-2: Ball 3-2: SINGLE (Line Drive, 8RS)
|
Batting: RHB Ralph Turner
|
0-0: Ball 1-0: Foul Ball, location: 2F 1-1: Ball 2-1: Grounds into double play, 4-6-3 (Groundball, 34)
|
Batting: LHB Kip Burks
|
0-0: Foul Ball, location: 2F 0-1: Fly out, F7 (Flyball, 78M)
|
Bottom of the 5th over - 0 run(s), 1 hit(s), 0 error(s), 0 left on base; Ft. Polk South 4 - Atlantic City 10 |
TOP OF THE 6TH |
Ft. Polk South Thunder Hawks batting - Pitching for Atlantic City Sonics : RHP Jason Ackerman
|
Batting: SHB Ted Hansen
|
0-0: Ball 1-0: Called Strike 1-1: Called Strike 1-2: Ball 2-2: Foul Ball, location: 2F 2-2: Ball 3-2: Strikes out swinging
|
Batting: RHB Jack Peck
|
0-0: Ball 1-0: Ball 2-0: Called Strike 2-1: Ground out 6-3 (Groundball, 6)
|
Batting: RHB Tommy Stanley
|
0-0: SINGLE (Groundball, 3L)
|
Batting: SHB Paul Wright
|
0-0: Called Strike Tommy Stanley steals 2nd base 0-1: Foul Ball, location: 2F 0-2: Strikes out swinging
|
Top of the 6th over - 0 run(s), 1 hit(s), 0 error(s), 1 left on base; Ft. Polk South 4 - Atlantic City 10 |
BOTTOM OF THE 6TH |
Atlantic City Sonics batting - Pitching for Ft. Polk South Thunder Hawks : LHP Joaquín Soto
|
Batting: LHB Francisco Ortega
|
0-0: Ball 1-0: Ground out 3-1 (Groundball, 3)
|
Batting: RHB Martín Álvarez
|
0-0: SINGLE (Flyball, 9S)
|
Batting: LHB Pedro López
|
0-0: Called Strike 0-1: Foul Ball, location: 2F 0-2: Ball 1-2: SINGLE (Line Drive, 6MD) Martín Álvarez to second Runner from 2nd tries for 3rd, SAFE, throw made to third
|
Batting: RHB Marty Hayden
|
0-0: Foul Ball, location: 2F 0-1: Ball 1-1: Ball 2-1: Swinging Strike 2-2: Fly out, F8 (Flyball, 8LM)
|
Batting: SHB David Snyder
|
0-0: Ball 1-0: Ball 2-0: Called Strike 2-1: Ball 3-1: Called Strike 3-2: Foul Ball, location: 2F 3-2: Base on Balls Pedro López to second
|
Batting: LHB Dale Parkinson
|
0-0: Foul Ball, location: 2F 0-1: Ball 1-1: Swinging Strike 1-2: Strikes out looking
|
Bottom of the 6th over - 0 run(s), 2 hit(s), 0 error(s), 3 left on base; Ft. Polk South 4 - Atlantic City 10 |
TOP OF THE 7TH |
Ft. Polk South Thunder Hawks batting - Pitching for Atlantic City Sonics : RHP Jason Ackerman
|
Batting: LHB José López
|
0-0: Foul Ball, location: 2F 0-1: Swinging Strike 0-2: Strikes out looking
|
Batting: RHB Henry Weber
|
0-0: Foul Ball, location: 2F 0-1: Ball 1-1: Ball 2-1: Called Strike 2-2: Foul Ball, location: 2F 2-2: SINGLE (Flyball, 8LS)
|
Batting: RHB Alfredo González
|
0-0: Grounds into double play, 4-6-3 (Groundball, 4)
|
Top of the 7th over - 0 run(s), 1 hit(s), 0 error(s), 0 left on base; Ft. Polk South 4 - Atlantic City 10 |
BOTTOM OF THE 7TH |
Atlantic City Sonics batting - Pitching for Ft. Polk South Thunder Hawks : LHP Joaquín Soto
|
Batting: RHB Bob Ethridge
|
0-0: Ball 1-0: Called Strike 1-1: Ball 2-1: Fly out, F9 (Flyball, 34D)
|
Batting: RHB Ralph Turner
|
0-0: Ground out 6-3 (Groundball, 6M)
|
Batting: LHB Kip Burks
|
0-0: Swinging Strike 0-1: Foul Ball, location: 2F 0-2: Ball 1-2: Strikes out swinging
|
Bottom of the 7th over - 0 run(s), 0 hit(s), 0 error(s), 0 left on base; Ft. Polk South 4 - Atlantic City 10 |
TOP OF THE 8TH |
Ft. Polk South Thunder Hawks batting - Pitching for Atlantic City Sonics : RHP Jason Ackerman
|
Batting: RHB Robbie Chambers
|
0-0: Ball 1-0: Foul Ball, location: 2F 1-1: Called Strike 1-2: Ball 2-2: Ball 3-2: Foul Ball, location: 2F 3-2: Foul Ball, location: 2F 3-2: Strikes out swinging
|
Batting: RHB Darrell Goldstein
|
0-0: Swinging Strike 0-1: Swinging Strike 0-2: Hit by Pitch
|
Pitching: LHP José Sandoval
|
|
Batting: SHB Ted Hansen
|
0-0: Ball 1-0: Called Strike 1-1: Foul Ball, location: 2F 1-2: Fly out, F7 (Flyball, 78XD)
|
Batting: RHB Jack Peck
|
0-0: Ball Wild Pitch! Darrell Goldstein to second 1-0: Foul Ball, location: 2F 1-1: Ball 2-1: Called Strike 2-2: Foul Ball, location: 2F 2-2: Foul Ball, location: 2F 2-2: Foul Ball, location: 2F 2-2: Foul Ball, location: 2F 2-2: Ball 3-2: Foul Ball, location: 2F 3-2: Base on Balls
|
Batting: RHB Tommy Stanley
|
0-0: Foul Ball, location: 2F 0-1: Ball 1-1: Fly out, F8 (Flyball, 8RM)
|
Top of the 8th over - 0 run(s), 0 hit(s), 0 error(s), 2 left on base; Ft. Polk South 4 - Atlantic City 10 |
BOTTOM OF THE 8TH |
Atlantic City Sonics batting - Pitching for Ft. Polk South Thunder Hawks : LHP Joaquín Soto
|
Batting: LHB Francisco Ortega
|
0-0: Foul Ball, location: 2F 0-1: Fly out, F8 (Flyball, 8LM)
|
Batting: RHB Martín Álvarez
|
0-0: Swinging Strike 0-1: Ball 1-1: Fly out, F9 (Flyball, 9M)
|
Batting: LHB Pedro López
|
0-0: Called Strike 0-1: Swinging Strike 0-2: Foul Ball, location: 2F 0-2: Ball 1-2: Foul Ball, location: 2F 1-2: Ball 2-2: Foul Ball, location: 2F 2-2: Foul Ball, location: 2F 2-2: Strikes out swinging
|
Bottom of the 8th over - 0 run(s), 0 hit(s), 0 error(s), 0 left on base; Ft. Polk South 4 - Atlantic City 10 |
TOP OF THE 9TH |
Ft. Polk South Thunder Hawks batting - Pitching for Atlantic City Sonics : LHP José Sandoval
|
Batting: SHB Paul Wright
|
0-0: Swinging Strike 0-1: Called Strike 0-2: Strikes out swinging
|
Batting: LHB José López
|
0-0: Ball 1-0: Called Strike 1-1: Swinging Strike 1-2: Strikes out swinging
|
Batting: RHB Henry Weber
|
0-0: Ball 1-0: Foul Ball, location: 2F 1-1: Ball 2-1: Swinging Strike 2-2: Ball 3-2: Ground out 5-3 (Groundball, 56)
|
Top of the 9th over - 0 run(s), 0 hit(s), 0 error(s), 0 left on base; Ft. Polk South 4 - Atlantic City 10 |
|